PIO (24 & UNDER)
COLORADO COMMANDERS @ JASPER COUGARS
04/24/2024
 
TOP OF THE 1ST
Colorado Commanders batting - Pitching for Jasper Cougars : LHP Millard Curtis
Pitching: LHP Millard Curtis
Batting: RHB Roberto Zamora 0-0: Ball
1-0: Called Strike
1-1: Fly out, F8 (Flyball, 8RS)
Batting: RHB Arnold Harmon 0-0: Ball
1-0: Ball
2-0: Bunted foul
2-1: Ball
3-1: SINGLE (Groundball, 6MD)
Batting: RHB John Riley 0-0: Ball
Arnold Harmon steals 2nd base
1-0: Foul Ball, location: 2F
1-1: Ball
Passed Ball!
Arnold Harmon to third
2-1: Swinging Strike
2-2: Strikes out swinging
Batting: LHB Gary Kern 0-0: Called Strike
0-1: Ground out 4-3 (Groundball, 4)
Top of the 1st over - 0 run(s), 1 hit(s), 0 error(s), 1 left on base; Colorado 0 - Jasper 0
BOTTOM OF THE 1ST
Jasper Cougars batting - Pitching for Colorado Commanders : RHP Júlio Torres
Pitching: RHP Júlio Torres
Batting: RHB Manuel Pérez 0-0: Ball
1-0: Called Strike
1-1: Foul Ball, location: 2F
1-2: Strikes out swinging
Batting: LHB Pepe Vázquez 0-0: Ball
1-0: Called Strike
1-1: Ball
2-1: Foul Ball, location: 2F
2-2: Foul Ball, location: 2F
2-2: Ball
3-2: Strikes out swinging
Batting: LHB Enrique Valentín 0-0: SINGLE (Line Drive, 3D)
Batting: SHB Ron Edwards 0-0: Ball
1-0: Ball
2-0: Ball
3-0: Called Strike
3-1: Foul Ball, location: 2F
3-2: Ground out 1-3 (Groundball, 15)
Bottom of the 1st over - 0 run(s), 1 hit(s), 0 error(s), 1 left on base; Colorado 0 - Jasper 0
TOP OF THE 2ND
Colorado Commanders batting - Pitching for Jasper Cougars : LHP Millard Curtis
Batting: RHB Keith Jones 0-0: SINGLE (Flyball, 8RS)
Batting: RHB Tim Adkins 0-0: Ball
1-0: Ball
2-0: Foul Ball, location: 2F
2-1: Foul Ball, location: 2F
2-2: Foul Ball, location: 2F
2-2: Strikes out swinging
Batting: RHB Lee Price 0-0: Called Strike
0-1: Ball
1-1: Swinging Strike
1-2: Foul Ball, location: 2F
1-2: Fly out, F1 (Popup, 15S)
Batting: SHB Ángel Díaz 0-0: Ball
1-0: Ball
2-0: Called Strike
2-1: Foul Ball, location: 2F
2-2: Foul Ball, location: 2F
2-2: Strikes out swinging
Top of the 2nd over - 0 run(s), 1 hit(s), 0 error(s), 1 left on base; Colorado 0 - Jasper 0
BOTTOM OF THE 2ND
Jasper Cougars batting - Pitching for Colorado Commanders : RHP Júlio Torres
Batting: RHB Dan Hooper 0-0: Ball
1-0: Foul Ball, location: 2F
1-1: Ball
2-1: Called Strike
2-2: Fly out, F3 (Popup, 9LS)
Batting: RHB Fernando Gálvez 0-0: Called Strike
0-1: Ball
1-1: Ball
2-1: Ball
3-1: Ground out 6-3 (Groundball, 6M)
Batting: SHB Martín Cruz 0-0: Foul Ball, location: 2F
0-1: Ball
1-1: SINGLE (Line Drive, 56D)
Batting: LHB Ron Johnston 0-0: Called Strike
0-1: Called Strike
0-2: Strikes out looking
Bottom of the 2nd over - 0 run(s), 1 hit(s), 0 error(s), 1 left on base; Colorado 0 - Jasper 0
TOP OF THE 3RD
Colorado Commanders batting - Pitching for Jasper Cougars : LHP Millard Curtis
Batting: RHB Richard Pendergast 0-0: Ball
1-0: Called Strike
1-1: Ball
2-1: Foul Ball, location: 2F
2-2: Strikes out swinging
Batting: RHB Roberto Zamora 0-0: Swinging Strike
0-1: Called Strike
0-2: Strikes out swinging
Batting: RHB Arnold Harmon 0-0: Ball
1-0: Foul Ball, location: 2F
1-1: Ball
2-1: Bunt missed!
2-2: Ball
3-2: SINGLE (Groundball, 56D)
Batting: RHB John Riley 0-0: Called Strike
Arnold Harmon is caught stealing 2nd base
Top of the 3rd over - 0 run(s), 1 hit(s), 0 error(s), 0 left on base; Colorado 0 - Jasper 0
BOTTOM OF THE 3RD
Jasper Cougars batting - Pitching for Colorado Commanders : RHP Júlio Torres
Batting: RHB Joe Baker 0-0: Ball
1-0: Called Strike
1-1: Ground out 5-3 (Groundball, 56)
Batting: RHB Manuel Pérez 0-0: Called Strike
0-1: Foul Ball, location: 2F
0-2: Strikes out swinging
Batting: LHB Pepe Vázquez 0-0: Ball
1-0: SINGLE (Groundball, 34D)
Batting: LHB Enrique Valentín 0-0: Foul Ball, location: 2F
0-1: Swinging Strike
0-2: Ball
1-2: Foul Ball, location: 2F
1-2: Strikes out swinging
Bottom of the 3rd over - 0 run(s), 1 hit(s), 0 error(s), 1 left on base; Colorado 0 - Jasper 0
TOP OF THE 4TH
Colorado Commanders batting - Pitching for Jasper Cougars : LHP Millard Curtis
Batting: RHB John Riley 0-0: Fly out, F8 (Flyball, 8LM)
Batting: LHB Gary Kern 0-0: Ball
1-0: Foul Ball, location: 2F
1-1: Ground out 6-3 (Groundball, 6)
Batting: RHB Keith Jones 0-0: Called Strike
0-1: Ball
1-1: SINGLE (Groundball, 6M) (infield hit)
Batting: RHB Tim Adkins 0-0: SINGLE (Groundball, 34D)
Keith Jones to second
Runner from 2nd tries for 3rd, SAFE, no throw or cutoff
Batting: RHB Lee Price 0-0: Called Strike
0-1: Ball
1-1: Ball
2-1: Foul Ball, location: 2F
2-2: Ball
3-2: Strikes out swinging
Top of the 4th over - 0 run(s), 2 hit(s), 0 error(s), 2 left on base; Colorado 0 - Jasper 0
BOTTOM OF THE 4TH
Jasper Cougars batting - Pitching for Colorado Commanders : RHP Júlio Torres
Batting: SHB Ron Edwards 0-0: Called Strike
0-1: Swinging Strike
0-2: Ball
1-2: Ball
2-2: Ball
3-2: Foul Ball, location: 2F
3-2: Foul Ball, location: 2F
3-2: Base on Balls
Batting: RHB Dan Hooper 0-0: Called Strike
0-1: Ball
1-1: Foul Ball, location: 2F
1-2: Foul Ball, location: 2F
1-2: DOUBLE (Flyball, 9LS)
Ron Edwards to third
Batting: RHB Fernando Gálvez 0-0: Ball
1-0: Called Strike
1-1: Swinging Strike
1-2: Ball
2-2: Strikes out swinging
Batting: SHB Martín Cruz 0-0: Ball
Passed Ball!
Ron Edwards scores
Dan Hooper to third
1-0: Foul Ball, location: 2F
1-1: Ball
2-1: Ground out 6-3 (Groundball, 6M)
Dan Hooper scores
Batting: LHB Ron Johnston 0-0: Fly out, F9 (Flyball, 9M)
Bottom of the 4th over - 2 run(s), 1 hit(s), 0 error(s), 0 left on base; Colorado 0 - Jasper 2
TOP OF THE 5TH
Colorado Commanders batting - Pitching for Jasper Cougars : LHP Millard Curtis
Batting: SHB Ángel Díaz 0-0: Swinging Strike
0-1: Ball
1-1: Called Strike
1-2: Foul Ball, location: 2F
1-2: Strikes out swinging
Batting: RHB Richard Pendergast 0-0: Ball
1-0: Ground out 4-3 (Groundball, 4)
Batting: RHB Roberto Zamora 0-0: Ground out 6-3 (Groundball, 6M)
Top of the 5th over - 0 run(s), 0 hit(s), 0 error(s), 0 left on base; Colorado 0 - Jasper 2
BOTTOM OF THE 5TH
Jasper Cougars batting - Pitching for Colorado Commanders : RHP Júlio Torres
Batting: RHB Joe Baker 0-0: Foul Ball, location: 2F
0-1: Ball
1-1: Foul Ball, location: 2F
1-2: Ball
2-2: Ball
3-2: Foul Ball, location: 2F
3-2: Strikes out swinging
Batting: RHB Manuel Pérez 0-0: Ball
1-0: Called Strike
1-1: Ball
2-1: Swinging Strike
2-2: Strikes out swinging
Batting: LHB Pepe Vázquez 0-0: Ball
1-0: Called Strike
1-1: Ground out U3 (Groundball, 3L)
Bottom of the 5th over - 0 run(s), 0 hit(s), 0 error(s), 0 left on base; Colorado 0 - Jasper 2
TOP OF THE 6TH
Colorado Commanders batting - Pitching for Jasper Cougars : LHP Millard Curtis
Batting: RHB Arnold Harmon 0-0: DOUBLE (Line Drive, 9LS)
Batting: RHB John Riley 0-0: DOUBLE (Flyball, 9LS)
Arnold Harmon scores
Batting: LHB Gary Kern 0-0: Ball
1-0: Foul Ball, location: 2F
1-1: Foul Ball, location: 2F
1-2: Strikes out swinging
Batting: RHB Keith Jones 0-0: Called Strike
0-1: Swinging Strike
0-2: Foul Ball, location: 2F
0-2: Ball
Wild Pitch!
John Riley to third
1-2: Strikes out swinging
Batting: RHB Tim Adkins 0-0: Ground out 1-3 (Groundball, 15)
Top of the 6th over - 1 run(s), 2 hit(s), 0 error(s), 1 left on base; Colorado 1 - Jasper 2
BOTTOM OF THE 6TH
Jasper Cougars batting - Pitching for Colorado Commanders : RHP Júlio Torres
Pitching: RHP Manuel Zarate
Batting: LHB Enrique Valentín 0-0: Ball
1-0: Ball
2-0: Called Strike
2-1: Ball
3-1: Foul Ball, location: 2F
3-2: SINGLE (Groundball, 5S) (infield hit)
Batting: SHB Ron Edwards 0-0: Ball
1-0: Ball
2-0: Ball
3-0: Called Strike
3-1: Foul Ball, location: 2F
3-2: Base on Balls
Enrique Valentín to second
Batting: RHB Dan Hooper 0-0: Called Strike
0-1: Ball
1-1: Swinging Strike
1-2: Strikes out looking
Batting: RHB Fernando Gálvez 0-0: Grounds into double play, 5-4-3 (Groundball, 56)
Bottom of the 6th over - 0 run(s), 1 hit(s), 0 error(s), 1 left on base; Colorado 1 - Jasper 2
TOP OF THE 7TH
Colorado Commanders batting - Pitching for Jasper Cougars : LHP Millard Curtis
Batting: RHB Lee Price 0-0: Ball
1-0: Foul Ball, location: 2F
1-1: Ball
2-1: Foul Ball, location: 2F
2-2: Strikes out looking
Pitching: RHP Andrés Ruíz
Batting: SHB Ángel Díaz 0-0: Ball
1-0: Ball
2-0: Foul Ball, location: 2F
2-1: Fly out, F7 (Flyball, 78S)
Batting: RHB Richard Pendergast 0-0: SINGLE (Line Drive, 8LS)
Batting: RHB Roberto Zamora 0-0: Ball
1-0: Called Strike
1-1: Ball
2-1: Called Strike
2-2: Strikes out swinging
Top of the 7th over - 0 run(s), 1 hit(s), 0 error(s), 1 left on base; Colorado 1 - Jasper 2
BOTTOM OF THE 7TH
Jasper Cougars batting - Pitching for Colorado Commanders : RHP Manuel Zarate
Batting: SHB Martín Cruz 0-0: Ball
1-0: Called Strike
1-1: Ball
2-1: SOLO HOME RUN (Flyball, 89XD), Distance : 386 ft
Batting: LHB Ron Johnston 0-0: Ball
Reached via error on a dropped throw, E3
Batting: RHB Joe Baker 0-0: Ball
1-0: DOUBLE (Groundball, 5L)
Ron Johnston to third
Batting: RHB Manuel Pérez 0-0: Intentional Walk
Batting: LHB Pepe Vázquez 0-0: Called Strike
0-1: Swinging Strike
0-2: Ball
1-2: Ball
2-2: Ball
3-2: Strikes out swinging
Batting: LHB Enrique Valentín Single, Error in OF, E9, batter to second base
Ron Johnston scores
Joe Baker scores
Manuel Pérez to third
Batting: SHB Ron Edwards 0-0: Intentional Walk
Batting: RHB Dan Hooper 0-0: Called Strike
0-1: Grounds into double play, 6-4-3 (Groundball, 6)
Bottom of the 7th over - 3 run(s), 3 hit(s), 2 error(s), 2 left on base; Colorado 1 - Jasper 5
TOP OF THE 8TH
Colorado Commanders batting - Pitching for Jasper Cougars : RHP Andrés Ruíz
Batting: RHB Arnold Harmon 0-0: Called Strike
0-1: Called Strike
0-2: Ball
1-2: Ground out 6-3 (Groundball, 6M)
Batting: RHB John Riley 0-0: Swinging Strike
0-1: Ground out 1-3 (Groundball, 15)
Batting: LHB Gary Kern 0-0: Foul Ball, location: 2F
0-1: Ball
1-1: Swinging Strike
1-2: Foul Ball, location: 2F
1-2: Ball
2-2: SINGLE (Groundball, 4M)
Batting: RHB Keith Jones 0-0: Ball
Wild Pitch!
Gary Kern to second
1-0: Ball
2-0: Called Strike
2-1: Ball
3-1: Called Strike
3-2: Base on Balls
Pitching: RHP Brandon Williams
Batting: RHB Tim Adkins 0-0: Called Strike
0-1: Ball
1-1: Swinging Strike
1-2: Foul Ball, location: 2F
1-2: Strikes out swinging
Top of the 8th over - 0 run(s), 1 hit(s), 0 error(s), 2 left on base; Colorado 1 - Jasper 5
BOTTOM OF THE 8TH
Jasper Cougars batting - Pitching for Colorado Commanders : RHP Manuel Zarate
Pitching: RHP Marcos Miranda
Batting: RHB Fernando Gálvez 0-0: Ball
1-0: Ball
2-0: Called Strike
2-1: Ground out 4-3 (Groundball, 4)
Batting: SHB Martín Cruz 0-0: Ball
1-0: Foul Ball, location: 2F
1-1: Ball
2-1: Ball
3-1: Base on Balls
Batting: LHB Ron Johnston 0-0: Ball
1-0: Ball
2-0: Called Strike
2-1: Swinging Strike
2-2: Strikes out looking
Batting: RHB Joe Baker 0-0: Called Strike
0-1: Called Strike
0-2: Foul Ball, location: 2F
0-2: Foul Ball, location: 2F
0-2: Ball
1-2: Strikes out swinging
Bottom of the 8th over - 0 run(s), 0 hit(s), 0 error(s), 1 left on base; Colorado 1 - Jasper 5
TOP OF THE 9TH
Colorado Commanders batting - Pitching for Jasper Cougars : RHP Brandon Williams
Batting: RHB Lee Price 0-0: Called Strike
0-1: Called Strike
0-2: Ball
1-2: Strikes out swinging
Batting: SHB Ángel Díaz 0-0: Foul Ball, location: 2F
0-1: Ball
1-1: Fly out, F5 (Popup, 5L)
Batting: RHB Richard Pendergast 0-0: Fly out, F6 (Line Drive, 6)
Top of the 9th over - 0 run(s), 0 hit(s), 0 error(s), 0 left on base; Colorado 1 - Jasper 5
This league is powered by Out of the Park Baseball, the baseball management simulation game for PC, Mac and Linux
Saturday, April 9th, 2016 - OOTP Baseball 16.8 Build 38